 Dungeon Crawl Stone Soup version 0.25-b1-37-g2669288c55 (webtiles) character file.

Game seed: 7104794607093697577

10514 grindst0ne the Blocker (level 11, -2/133 HPs)
             Began as a Demonspawn Fighter on June 4, 2020.
             Was a Believer of Qazlal.
             Hit by a javelin thrown by Urug (12 damage)
             ... on level 10 of the Dungeon.
             The game lasted 00:19:50 (12546 turns).

grindst0ne the Blocker (Demonspawn Fighter)        Turns: 12546, Time: 00:19:51

Health: -2/133     AC: 25    Str: 24    XL:     11   Next: 37%
Magic:  13/16      EV:  2    Int: 11    God:    Qazlal [**....]
Gold:   405        SH: 15    Dex: 13    Spells: 10/10 levels left

rFire    . . .     SeeInvis +   a - +0 war axe
rCold    . . .     Gourm    .   c - +0 kite shield
rNeg     + + +     Faith    +   (armour currently unavailable)
rPois    +         Spirit   .   (helmet currently unavailable)
rElec    .         Reflect  .   (cloak currently unavailable)
rCorr    .         Harm     .   (gloves currently unavailable)
MR       .....     NoTele   +   (boots currently unavailable)
Stlth    +.........             r - amulet of faith
HPRegen  0.32/turn              e - +6 ring of strength
MPRegen  0.15/turn              F - ring of see invisible

@: agile, tree-form, berserk cooldown, slowed, very slow
A: powered by pain 2
a: Upheaval, Renounce Religion


You were on level 10 of the Dungeon.
You worshipped Qazlal.
Qazlal was pleased with you.
You were not hungry.
You were a tree.
You visited 2 branches of the dungeon, and saw 11 of its levels.
You also visited: Sewer.

You collected 405 gold pieces.

Inventory:

Hand Weapons
 a - a +0 war axe (weapon)
 G - a +0 scimitar of flaming
Missiles
 N - 2 curare-tipped darts (quivered)
 P - a throwing net
Armour
 c - a +0 kite shield (worn)
 p - a +1 pair of gloves (melded)
 y - a +0 helmet (melded)
 B - a +0 plate armour (melded)
 C - a +0 tower shield
 R - a scarf of resistance (melded)
Jewellery
 e - a +6 ring of strength (left branch)
 h - an uncursed ring of protection from magic
 r - an amulet of faith (around neck)
 s - a cursed amulet of inaccuracy {unknown}
 F - a ring of see invisible (right branch)
Wands
 b - a wand of digging (3)
 w - a wand of flame (10)
 J - a wand of disintegration (1)
 M - a wand of random effects (23)
Scrolls
 l - 6 scrolls of fear
 o - 4 scrolls of amnesia
 q - 5 scrolls of remove curse
 v - 2 scrolls of enchant weapon {unknown}
 A - a scroll of magic mapping
 D - 2 scrolls of fog
 I - a scroll of noise {unknown}
 L - a scroll of random uselessness {unknown}
 O - a scroll of blinking {unknown}
Potions
 d - 2 potions of might
 i - 4 potions of lignification
 j - a potion of brilliance
 k - a potion of cancellation
 m - 2 potions of magic {unknown}
 n - 2 potions of invisibility {unknown}
 t - 4 potions of stabbing {unknown}
 u - 6 potions of flight
 z - 8 potions of curing {unknown}
 E - 2 potions of haste {unknown}
 H - a potion of degeneration {unknown}
 K - a potion of ambrosia {unknown}
Comestibles
 f - 16 rations
 x - 6 chunks of flesh


   Skills:
 - Level 9.1 Fighting
 - Level 1.7 Axes
 - Level 9.1 Armour
 + Level 4.9 Dodging
 + Level 9.8 Shields
 * Level 7.0 Invocations


You had 10 spell levels left.
You didn't know any spells.
Your spell library contained the following spells:

 Spells                   Type           Power        Failure   Level  Hunger
 Animate Skeleton         Necr           N/A          56%         1    ##.....
 Apportation              Tloc           #.....       56%         1    ##.....
 Corona                   Hex            #......      56%         1    ##.....
 Magic Dart               Conj           #...         56%         1    ##.....
 Summon Small Mammal      Summ           #...         56%         1    ##.....
 Searing Ray              Conj           #.....       71%         2    ###....
 Dazzling Flash           Conj/Hex       #.....       90%         3    ####...
 Fulminant Prism          Conj/Hex       #.........   100%        4    #####..
 Iskenderun's Mystic Bla  Conj/Tloc      #.......     100%        4    #####..


Dungeon Overview and Level Annotations

Branches:
Dungeon (10/15)            Temple (1/1) D:7            Lair (0/6) D:8
    Orc (0/2) D:9           Sewer (visited)

Altars:
Cheibriados
Elyvilon
Fedhas
Hepliaklqana
Kikubaaqudgha
Makhleb
Nemelex Xobeh
Okawaru
Qazlal
Ru
Sif Muna
Trog
Uskayaw
Vehumet
Wu Jian
Yredelemnul
The Shining One

Annotations:
D:10 exclusion: orange crystal statue, Urug


Innate Abilities, Weirdness & Mutations

((You have sharp toenails.))
((You are mostly covered in slimy green scales. (AC +3)))
You sometimes gain power by taking damage.


Message History

You block the yak's attack.
You barely miss the yak.
The yak is severely wounded.
The yak is engulfed in freezing vapours.
You kill the yak!
Qazlal accepts your kill.
Your Invocations skill increases to level 7!
You start resting.
Eating one of 7 chunks of flesh.
You eat one of the 7 chunks of flesh.
This raw flesh tastes terrible.
Urug the Orcish Ballista comes into view.
She is wielding a +3 long sword of protection.
Urug is nearby!
Urug is nearby!
You are too berserk!
You are too berserk!
You feel a strong urge to attack something.
You are no longer berserk.
You are exhausted.
You feel yourself slow down.
Urug throws a javelin.
The javelin pierces through you!
You die...

#. ##### #.# #...# #.#
#...# #.# #...##.# #...#.#
#....# #.§♣# ##### #.†°#
...# #...# ######
...####.###...#######....#
....Y.J...o.........)...>#
##.######.#########.)))#.#
######.####....#.#..#.#
................#.####.#
......#.#.......#.# #.#


You could see Urug.

Vanquished Creatures
  Erica (D:8)
  A two-headed ogre (D:10)
  A deep elf mage (D:8)
  A gargoyle (D:10)
  Maggie (D:7)
  3 slime creatures (D:10)
  Prince Ribbit (D:8)
  A hippogriff (D:7)
  Sigmund (D:2)
  12 yaks
  A hungry ghost (D:10)
  A water moccasin (D:6)
  A soldier ant (D:9)
  4 wargs
  3 orc warriors
  A black bear (D:8)
  2 ice beasts (D:9)
  4 ogres
  4 phantoms
  2 centaurs
  A crocodile (D:10)
  3 big kobolds
  A gnoll sergeant (D:8)
  5 bullfrogs
  2 scorpions
  5 killer bees (D:10)
  5 wights (D:8)
  11 howler monkeys
  An electric eel (D:9)
  6 crimson imps
  A bullfrog zombie (D:10)
  11 orc wizards
  6 hounds
  3 orc priests
  6 iguanas
  2 jellies
  2 bullfrog skeletons
  3 centaur skeletons
  A worker ant (D:4)
  A hound skeleton (D:7)
  A worker ant zombie (D:10)
  12 adders
  8 gnolls
  2 river rats (D:6)
  2 shadow imps
  An ooze (D:2)
  An adder zombie (D:5)
  2 adder skeletons
  3 worms
  5 dart slugs
  8 leopard geckos
  40 orcs
  3 bats (D:2)
  6 giant cockroaches
  11 hobgoblins
  13 jackals
  18 kobolds
  4 quokkas
  2 ball pythons
  5 frilled lizards
  A giant cockroach zombie (D:5)
  7 goblins
  2 jackal skeletons
  A leopard gecko skeleton (D:6)
  A quokka skeleton (D:6)
  13 rats
294 creatures vanquished.

Notes
Turn   | Place    | Note
-------+----------+-------------------------------------------
     0 | D:1      | grindst0ne the Demonspawn Fighter began the quest for the
                  | Orb.
     0 | D:1      | Reached XP level 1. HP: 18/18 MP: 1/1
   377 | D:1      | Gained mutation: You are partially covered in slimy green
                  | scales. (AC +2) [demonic ancestry]
   377 | D:1      | Reached XP level 2. HP: 24/24 MP: 2/2
  1127 | D:2      | Gained mutation: You sometimes gain a little power by
                  | taking damage. [demonic ancestry]
  1127 | D:2      | Reached XP level 3. HP: 29/29 MP: 3/3
  1147 | D:2      | Noticed Sigmund
  1155 | D:2      | Killed Sigmund
  1155 | D:2      | Reached XP level 4. HP: 23/37 MP: 4/4
  1155 | D:2      | Reached XP level 5. HP: 26/42 MP: 5/5
  1291 | D:2      | Found a shimmering blue altar of Sif Muna.
  1292 | D:2      | Found a hide-covered altar of Uskayaw.
  1293 | D:2      | Found a sacrificial altar of Ru.
  2783 | D:3      | Found a burning altar of Makhleb.
  2794 | D:3      | Gained mutation: You have sharp toenails. [demonic
                  | ancestry]
  2794 | D:3      | Reached XP level 6. HP: 47/49 MP: 6/6
  3485 | D:4      | Reached skill level 5 in Fighting
  3737 | D:4      | Reached XP level 7. HP: 14/56 MP: 7/7
  4162 | D:4      | Reached skill level 5 in Armour
  4162 | D:4      | Reached skill level 5 in Shields
  4336 | D:5      | Entered Level 5 of the Dungeon
  5256 | D:6      | Gained mutation: You sometimes gain power by taking damage.
                  | [demonic ancestry]
  5256 | D:6      | Reached XP level 8. HP: 52/64 MP: 8/8
  5266 | D:6      | Found an iron altar of Okawaru.
  5266 | D:6      | Found an ornate altar of the Wu Jian Council.
  5272 | D:6      | Found a radiant altar of Vehumet.
  5274 | D:6      | Found a hazy altar of Hepliaklqana.
  5276 | D:6      | Found a burning altar of Makhleb.
  5728 | D:6      | Found a glowing drain.
  5733 | Sewer    | Entered a sewer
  5989 | Sewer    | Found a glowing silver altar of Zin.
  6638 | D:7      | Noticed a hippogriff
  6856 | D:7      | Killed a hippogriff
  6957 | D:7      | You fall into a shaft and drop 3 floors!
  6957 | D:10     | Entered Level 10 of the Dungeon
  7012 | D:10     | Noticed an orange crystal statue
  7026 | D:10     | Reached XP level 9. HP: 49/72 MP: 9/9
  7433 | D:9      | Found a staircase to the Orcish Mines.
  8630 | D:8      | Found a staircase to the Lair.
  8648 | D:7      | Noticed Maggie
  8657 | D:7      | Killed Maggie
  8819 | D:7      | Reached XP level 10. HP: 68/82 MP: 10/10
  8893 | D:7      | Found a staircase to the Ecumenical Temple.
  8943 | Temple   | Entered the Ecumenical Temple
  8979 | Temple   | Became a worshipper of Qazlal Stormbringer
  9073 | D:7      | Got a pitted silver amulet
  9074 | D:7      | Identified the amulet "Rocichuj" {Inacc rElec Str+3} (You
                  | found it on level 7 of the Dungeon)
  9590 | D:8      | Reached skill level 1 in Dodging
  9907 | D:8      | Found a blossoming altar of Fedhas.
  9908 | D:8      | Noticed a deep elf mage
  9940 | D:8      | Reached * piety under Qazlal
 10235 | D:8      | Killed a deep elf mage
 10472 | D:8      | Noticed Erica
 10472 | D:8      | Noticed Prince Ribbit
 10487 | D:8      | Killed Erica
 10534 | D:8      | Killed Prince Ribbit
 11286 | D:9      | Reached skill level 1 in Invocations
 11300 | D:9      | Reached ** piety under Qazlal
 11770 | D:10     | Noticed a gargoyle
 11784 | D:10     | Killed a gargoyle
 11786 | D:10     | Noticed a two-headed ogre
 11795 | D:10     | Killed a two-headed ogre
 11795 | D:10     | Gained mutation: You are mostly covered in slimy green
                  | scales. (AC +3) [demonic ancestry]
 11795 | D:10     | Reached XP level 11. HP: 39/89 MP: 12/14
 12073 | D:10     | Reached skill level 5 in Invocations
 12544 | D:10     | Noticed Urug
 12546 | D:10     | Hit by a javelin thrown by Urug

Illustrated notes

Levels and vault maps discovered:
D:1:      wander_arrival_peaceful_grave, layout_basic, minmay_tetromino_t4
D:2:      layout_loops_ring, grunt_temple_overflow_open, uniq_sigmund
D:3:      layout_basic, makhleb_blood_cavern_becter
D:4:      layout_basic, first_ration
D:5:      layout_loops_ring, kennysheep_generic_room_14
D:6:      layout_layer_cave, chequers_temple_overflow_minitemple,
          portal_sewer_entry_e, hangedman_decor_points
D:7:      layout_rooms, minmay_temple_entry_junction, uniq_maggie
D:8:      layout_gridville, erik_lair_orcish_takeover, david_defended_altar_elf,
          uniq_erica, uniq_prince_ribbit1
D:9:      layout_basic, david_orc_3
D:10:     layout_basic, minivault_15, uniq_urug
Temple:   jpeg_temple_clearing

Skill      XL: |  1  2  3  4  5  6  7  8  9 10 11 |
---------------+----------------------------------+-----
Armour         | 3 4 5 6 8 9 |  9.1
Shields        | 3 4 5 6 8 9 |  9.8
Fighting       | 4 5 6 7 8 9 |  9.1
Dodging        | 4 |  4.9
Invocations    | 4 7 |  7.0
Axes           | |  1.7

Action                   |  1- 3 |  4- 6 |  7- 9 | 10-12 || total
-------------------------+-------+-------+-------+-------++-------
Melee: War axe           |    80 |   199 |   419 |   319 ||  1017
       Kick              |       |    20 |   128 |   129 ||   277
Throw: Dart              |       |       |     9 |     9 ||    18
Invok: Upheaval          |       |       |       |     1 ||     1
Evoke: Wand              |       |     5 |     5 |    10 ||    20
  Use: Scroll            |       |       |     8 |     5 ||    13
       Potion            |       |       |     4 |     6 ||    10
  Eat: Chunk             |     1 |     8 |    16 |    16 ||    41
Armor: Scale mail        |    29 |    84 |     7 |       ||   120
       Plate armour      |       |       |   314 |   216 ||   530
       Skin              |       |       |     5 |     9 ||    14
Dodge: Dodged            |    20 |    58 |   124 |   100 ||   302
Block: Kite shield       |    36 |   107 |   290 |   296 ||   729
